 Dungeon Sprint DCSS version 0.30.1-4-g462c640d31 (webtiles) character file.

Game seed: 5646632435383977606

5943 Heoruswealwe the Executioner (level 10, -11/106 HPs)
             Began as a Hill Orc Fighter on Aug 23, 2023.
             Was the Champion of the Shining One.
             Mangled by a demonic crawler (12 damage)
             ... in the Dungeon (Sprint I: "Red Sonja").
             The game lasted 00:28:59 (1654 turns).

Heoruswealwe the Executioner (Hill Orc Fighter)     Turns: 1654, Time: 00:29:00

Health: -11/106    AC: 13    Str: 30    XL:     10   Next: 83%
Magic:  0/10       EV: 10    Int: 13    God:    the Shining One [******]
Gold:   395        SH:  4    Dex: 10    Spells: 9/9 levels left

rFire   + + +        a - +1 broad axe (spect)
rCold   . . .        d - +0 buckler
rNeg    + + +        c - +0 scale mail
rPois   .            (no helmet)
rElec   +            (no cloak)
rCorr   .            f - +2 pair of gloves "Esmutzer" {rF+ Int+5}
SInv    .            (no boots)
Will    .....        i - amulet "Zama Xuisoi" {Spirit rElec rF++} Stlth
                     k - +6 ring of strength
HPRegen 0.37/turn    (no ring)
MPRegen 0.12/turn

%: no teleportation, guardian spirit
@: glowing
A: no striking features
a: Renounce Religion, Divine Shield, Cleansing Flame, Summon Divine Warrior,
Brand Weapon With Holy Wrath


You were in the Dungeon.
You worshipped the Shining One.
The Shining One was exalted by your worship.
You visited 1 branch You collected 1845 gold pieces.
You spent 1450 gold pieces at shops.

Inventory:

Hand Weapons
 a - a +1 spectral broad axe (weapon)
 b - a +0 longbow
Armour
 c - a +0 scale mail (worn)
 d - a +0 buckler (worn)
 f - the +2 pair of gloves "Esmutzer" (worn) {rF+ Int+5}
   (You bought it in a shop in the Dungeon)

   Int:       It affects your intelligence (+5).
   rF:        It protects you from fire.
Jewellery
 i - the amulet "Zama Xuisoi" (around neck) {Spirit rElec rF++}
   (You bought it in a shop in the Dungeon)

   [amulet of guardian spirit]

   It causes incoming damage to be divided between your reserves of health and
   magic.
   rF:        It greatly protects you from fire.
   rElec:     It insulates you from electricity.
 k - a +6 ring of strength (left hand)
Wands
 l - a wand of flame (12)
 n - a wand of digging (4)
Scrolls
 h - a scroll of immolation
 m - a scroll of identify
Potions
 g - 2 potions of mutation


   Skills:
 + Level 15.5 Fighting
 * Level 22.5 Axes
 + Level 14.3 Armour
 - Level 3.2 Shields


You had 9 spell levels left.
You didn't know any spells.
Your spell library contained the following spells:

 Spells                   Type           Power      Damage    Failure   Level
 Slow                     Hex            0%         N/A       52%         1
 Sublimation of Blood     Necr           0%         N/A       67%         2
 Confusing Touch          Hex            0%         N/A       88%         3
 Vampiric Draining        Necr           0%         2d6       88%         3
 Petrify                  Tmut/Erth      0%         N/A       99%         4
 Irradiate                Conj/Tmut      0%         3d11      100%        5


Dungeon Overview and Level Annotations

Branches:
Dungeon (1/1)

Altars:
Cheibriados
Dithmenos
Elyvilon
Fedhas
Gozag
Hepliaklqana
Kikubaaqudgha
Makhleb
Nemelex Xobeh
Okawaru
Qazlal
Ru
Sif Muna
Trog
Uskayaw
Vehumet
Wu Jian
Xom
Yredelemnul
Zin
The Shining One
Jiyva
Lugonu

Shops:
D (([?[[(??**=[:=[=


Message History

* * * LOW HITPOINT WARNING * * *
You hit the demonic crawler.
The demonic crawler is severely wounded.
The demonic crawler hits you but does no damage.
The demonic crawler barely misses you. The demonic crawler hits you!
* * * LOW HITPOINT WARNING * * *
You feel better. The demonic crawler closely misses you.
The demonic crawler hits you but does no damage.
You block the demonic crawler's attack.
You hit the demonic crawler but do no damage.
The demonic crawler is heavily wounded.
The demonic crawler barely misses you. The demonic crawler hits you!
* * * LOW HITPOINT WARNING * * *
The demonic crawler hits you!
* * * LOW HITPOINT WARNING * * *
You slice the demonic crawler!!
The demonic crawler is severely wounded.
The demonic crawler barely misses you. x3
As you read the scroll of fear, it crumbles to dust.
You assume a fearsome visage.
The demonic crawler easily resists.
The demonic crawler looks frightened! x2
You slash the demonic crawler!
The demonic crawler is moderately wounded.
You block the demonic crawler's attack.
The demonic crawler completely misses you.
The demonic crawler hits you.
* * * LOW HITPOINT WARNING * * *
You hit the demonic crawler.
The demonic crawler is lightly wounded.
The demonic crawler hits you! The Shining One protects you from harm!
The demonic crawler barely misses you. You block the demonic crawler's attack.
You slash the demonic crawler!
The demonic crawler is moderately wounded.
You completely miss the demonic crawler.
The demonic crawler is moderately wounded.
The demonic crawler hits you.
* * * LOW HITPOINT WARNING * * *
The demonic crawler hits you!
You die...

##########################*****
#<.#!.)..#..s..#__#..')..#,,*,,
#..)..#..').#..'.s'..#)..##+#,*
#..#####'#####s#__####..s'..#,*
#..####..#...#@####§.#####..+,*
#..#__####..##[#~§§..#..#*+##**
#..#_____##'#_.+~§§§§+..#,,,,,*
#⌠⌠#_.∩...'..._#~~§.§#..#,,,,,+
##.#_..__##_.#'##+#####+###,,,*
#..#_____###'#)#....###...#,,,*
############.####'###!###.#,,**
#∩........'..)'.....')∩##§#,,**
###++++####...###.#######.#*+*,


You could see 2 demonic crawlers.

Vanquished Creatures
  2 centaur warriors (D)
  Sonja (D)
  A deep troll (D)
  An oklob plant (D)
  A demonic crawler (D)
  2 unseen horrors (D)
  2 kobold demonologists (D)
  A hornet (D)
  Sigmund (D)
  A slime creature (D)
  A yak (D)
  2 redbacks (D)
  2 floating eyes (D)
  An ogre (D)
  7 necrophages (D)
  8 jellies (D)
  Ijyb (D)
35 creatures vanquished.

Vanquished Creatures (others)
  2 ballistomycete spores (D)
2 creatures vanquished.

Grand Total: 37 creatures vanquished

Notes
Turn   | Place    | Note
-------+----------+-------------------------------------------
     0 | D        | Heoruswealwe the Hill Orc Fighter began the quest for the
                  | Orb.
     0 | D        | Reached XP level 1. HP: 19/19 MP: 1/1
     1 | D        | Noticed Ijyb
    15 | D        | Killed Ijyb
    16 | D        | Reached skill level 5 in Fighting
    16 | D        | Reached skill level 6 in Axes
    16 | D        | Reached XP level 2. HP: 9/29 MP: 2/2
    16 | D        | Reached XP level 3. HP: 11/36 MP: 3/3
   113 | D        | Noticed an ogre
   118 | D        | Killed an ogre
   119 | D        | Reached skill level 9 in Axes
   119 | D        | Reached XP level 4. HP: 38/45 MP: 4/4
   177 | D        | Noticed Sigmund
   185 | D        | Killed Sigmund
   186 | D        | Reached skill level 11 in Axes
   186 | D        | Reached XP level 5. HP: 52/55 MP: 5/5
   186 | D        | Reached XP level 6. HP: 58/62 MP: 6/6
   198 | D        | Found an ornate altar of the Wu Jian Council.
   198 | D        | Found a shimmering blue altar of Sif Muna.
   200 | D        | Found a radiant altar of Vehumet.
   205 | D        | Reached skill level 12 in Axes
   230 | D        | Found Raexah's Weapon Emporium.
   230 | D        | Found an ancient bone altar of Kikubaaqudgha.
   230 | D        | Found a hazy altar of Hepliaklqana.
   230 | D        | Found a stormy altar of Qazlal.
   230 | D        | Found a hide-covered altar of Uskayaw.
   230 | D        | Found a blossoming altar of Fedhas.
   230 | D        | Found a bloodstained altar of Trog.
   230 | D        | Found an iron altar of Okawaru.
   230 | D        | Found a basalt altar of Yredelemnul.
   230 | D        | Found a glowing golden altar of the Shining One.
   230 | D        | Found a snail-covered altar of Cheibriados.
   230 | D        | Found a sacrificial altar of Ru.
   230 | D        | Found a glowing silver altar of Zin.
   230 | D        | Found a shadowy altar of Dithmenos.
   230 | D        | Found a white marble altar of Elyvilon.
   230 | D        | Noticed a yak
   237 | D        | Killed a yak
   238 | D        | Reached skill level 13 in Axes
   238 | D        | Reached XP level 7. HP: 60/70 MP: 7/7
   238 | D        | Found an opulent altar of Gozag.
   239 | D        | Found a sparkling altar of Nemelex Xobeh.
   246 | D        | Became a worshipper of the Shining One
   270 | D        | Found a burning altar of Makhleb.
   270 | D        | Found a viscous altar of Jiyva.
   270 | D        | Found a shimmering altar of Xom.
   270 | D        | Found a corrupted altar of Lugonu.
   270 | D        | Noticed a slime creature
   278 | D        | Killed a slime creature
   279 | D        | Reached skill level 10 in Fighting
   279 | D        | Reached skill level 14 in Axes
   309 | D        | Noticed a kobold demonologist
   309 | D        | Reached * piety under the Shining One
   309 | D        | Noticed a kobold demonologist
   313 | D        | Noticed a hellwing
   314 | D        | Killed a kobold demonologist
   314 | D        | Reached ** piety under the Shining One
   315 | D        | Reached skill level 15 in Axes
   315 | D        | Reached skill level 10 in Armour
   315 | D        | Reached XP level 8. HP: 82/82 MP: 8/8
   318 | D        | Killed a kobold demonologist
   319 | D        | Reached skill level 16 in Axes
   332 | D        | Noticed a centaur warrior
   332 | D        | Noticed a centaur warrior
   339 | D        | Killed a centaur warrior
   340 | D        | Reached skill level 18 in Axes
   340 | D        | Reached XP level 9. HP: 85/91 MP: 9/9
   348 | D        | Killed a centaur warrior
   349 | D        | Reached skill level 19 in Axes
   354 | D        | Noticed a deep troll
   363 | D        | Killed a deep troll
   414 | D        | Found Aloreona's Armour Emporium.
   420 | D        | Bought the +2 pair of gloves "Esmutzer" {rF+ Int+5} for 390
                  | gold pieces
   610 | D        | Noticed a hornet
   610 | D        | Reached *** piety under the Shining One
   614 | D        | Killed a hornet
   615 | D        | Reached skill level 20 in Axes
   693 | D        | Noticed an oklob plant
   702 | D        | Killed an oklob plant
   703 | D        | Reached XP level 10. HP: 65/103 MP: 10/10
   886 | D        | Noticed an unseen horror
   886 | D        | Noticed an unseen horror
   893 | D        | Killed an unseen horror
   894 | D        | Reached skill level 21 in Axes
   899 | D        | Killed an unseen horror
   990 | D        | Reached **** piety under the Shining One
  1289 | D        | Reached ***** piety under the Shining One
  1307 | D        | Reached skill level 15 in Fighting
  1311 | D        | Reached ****** piety under the Shining One
  1369 | D        | Found Waostryhi's Magic Scroll Shoppe.
  1369 | D        | Found Exoelleh's Antique Armour Shop.
  1369 | D        | Found Heidghoet's Antique Armour Boutique.
  1375 | D        | Found Koineesch's Book Boutique.
  1375 | D        | Found Wymi's Jewellery Emporium.
  1375 | D        | Found Tejoil's Jewellery Emporium.
  1377 | D        | Found Yfuunloss's Armour Boutique.
  1377 | D        | Found Xoned's Jewellery Shoppe.
  1377 | D        | Found Moviez's General Store.
  1377 | D        | Found Ypsor's Assorted Antiques.
  1377 | D        | Found Hikimut's Magic Scroll Boutique.
  1377 | D        | Found Perch's Magic Scroll Shoppe.
  1377 | D        | Found Ibbenaz's Antique Weapon Shop.
  1381 | D        | Found Qowil's Antique Armour Emporium.
  1385 | D        | Bought a grey potion for 20 gold pieces
  1385 | D        | Bought a yellow potion for 20 gold pieces
  1405 | D        | Bought a scroll of magic mapping for 75 gold pieces
  1406 | D        | Bought a potion of lignification for 30 gold pieces
  1406 | D        | Bought a scroll of identify for 20 gold pieces
  1412 | D        | Bought a scroll of identify for 24 gold pieces
  1412 | D        | Bought 2 scrolls of identify for 48 gold pieces
  1484 | D        | Bought a glowing broad axe for 147 gold pieces
  1504 | D        | Bought the amulet "Zama Xuisoi" {Spirit rElec rF++} for 676
                  | gold pieces
  1524 | D        | Noticed Sonja
  1526 | D        | Killed Sonja
  1527 | D        | Reached skill level 22 in Axes
  1575 | D        | Found Zeureacs's Antique Weapon Boutique.
  1611 | D        | Noticed a demonic crawler
  1611 | D        | Noticed a demonic crawler
  1611 | D        | Noticed a demonic crawler
  1611 | D        | Noticed a demonic crawler
  1631 | D        | Killed a demonic crawler
  1651 | D        | HP: 4/106 [demonic crawler (4)]
  1652 | D        | The Shining One protects you from harm!
  1654 | D        | HP: 1/106 [demonic crawler (4)]
  1654 | D        | Mangled by a demonic crawler

Illustrated notes

Levels and vault maps discovered:
D:        dungeon_sprint_1 [red_sonja_temple_1, red_sonja_temple_small_1]

Skill      XL: |  1  2  3  4  5  6  7  8  9 10 |
---------------+-------------------------------+-----
Fighting       | 5 6 8 9 11 12 14 15 | 15.5
Axes           | 6 9 11 13 15 18 20 22 | 22.5
Armour         | 4 6 7 8 10 11 13 14 | 14.3
Shields        | |  3.2

Action                     |  1- 3 |  4- 6 |  7- 9 | 10-12 || total
---------------------------+-------+-------+-------+-------++-------
  Melee: War axe           |    17 |    17 |    40 |    76 ||   150
         Broad axe         |       |       |       |    29 ||    29
  Evoke: Wand              |     1 |       |       |     1 ||     2
    Use: Potion            |     1 |       |     4 |     4 ||     9
         Scroll            |       |       |       |     9 ||     9
 Armour: Scale mail        |     5 |     2 |     4 |    48 ||    59
  Dodge: Dodged            |     6 |     6 |     7 |    57 ||    76
  Block: Buckler           |     1 |     2 |     4 |    21 ||    28
